 Dungeon Crawl Stone Soup version 0.17.2-1-ge4368a0 (webtiles) character file.

618051 DarthKuruptios the Invulnerable (level 26, -32/231 HPs)
             Began as a Minotaur Berserker on Dec 11, 2019.
             Was a High Priest of Trog.
             Killed from afar by an ancient lich (61 damage)
             ... with a crystal spear
             ... on level 5 of the Realm of Zot.
             The game lasted 04:27:18 (55594 turns).

DarthKuruptios the Invulnerable (MiBe)             Turns: 55594, Time: 04:27:18

Health: -32/231    AC: 36    Str: 35      XL:     26   Next: 95%
Magic:  22/22      EV: 34    Int: 11      God:    Trog [*****.]
Gold:   7893       SH: 30    Dex: 24 (25) Spells: 0 memorised, 25 levels left

rFire  + + .     SeeInvis +     G - +14 obsidian axe {chop, +Fly Str+3 SInv *Curse}
rCold  + + +     Clarity  .     j - +5 plate armour "Maug" {rC+ Int+5 Slay+3}
rNeg   . . .     SustAt   .     p - +2 large shield
rPois  +         Gourm    +     i - +2 hat
rElec  +         Spirit   .     I - +2 cloak
rCorr  +         Warding  .     M - +2 pair of gloves
rMut   .         Stasis   .     l - +2 pair of boots
MR     ++++.                    a - amulet of the gourmand
Stlth  ..........               Z - ring of Greed {rF+ rC+ MR+ Dex+4 Stlth+}
                                D - ring of Liosumes {*Corrode EV+5 Str+7 Int+2 Dex+2}

@: about to teleport, resistant, mesmerised, regenerating, incredibly resistant
to hostile enchantments, extremely unstealthy
A: retaliatory headbutt, horns 2, deformed body, deterioration 1, frail 1,
screaming 1
a: Berserk, Trog's Hand, Brothers in Arms, Burn Spellbooks, Renounce Religion,
Evoke Flight
}: 3/15 runes: serpentine, barnacled, silver


You were on level 5 of the Realm of Zot.
You worshipped Trog.
Trog was extremely pleased with you.
You were not hungry.

You visited 9 branches of the dungeon, and saw 53 of its levels.
You visited the Abyss 2 times.
You visited 1 bazaar.
You also visited: Sewer and Ice Cave.

You collected 9897 gold pieces.
You spent 2004 gold pieces at shops.

Inventory:

Hand Weapons
 F - the +10 war axe of Valour {holy, Str+3}
   (You found it on level 5 of the Dungeon)

   It has been blessed by the Shining One to cause great damage to the undead
   and demons.
   It affects your strength (+3).
 G - the +14 obsidian axe (weapon) {chop, +Fly Str+3 SInv *Curse}
   (Trog gifted it to you on level 4 of the Depths)

   It inflicts extra damage upon your enemies.
   It affects your strength (+3).
   It lets you see invisible.
   It lets you fly.
   It may re-curse itself when equipped.
Armour
 i - a +2 hat (worn)
 j - the +5 plate armour "Maug" (worn) {rC+ Int+5 Slay+3}
   (You bought it in a shop on level 1 of the Depths)

   It affects your intelligence (+5).
   It affects your accuracy and damage with ranged weapons and melee attacks
   (+3).
   It protects you from cold.
 l - a +2 pair of boots (worn)
 p - a +2 large shield (worn)
 I - a +2 cloak (worn)
 M - a +2 pair of gloves (worn)
Jewellery
 a - an amulet of the gourmand (around neck)
 n - a +6 ring of dexterity
 w - an uncursed ring of positive energy
 D - the ring of Liosumes (left hand) {*Corrode EV+5 Str+7 Int+2 Dex+2}
   (You found it on level 5 of the Lair of Beasts)

   [ring of evasion]

   It affects your evasion (+5).
   It affects your strength (+7).
   It affects your intelligence (+2).
   It affects your dexterity (+2).
   It may corrode your equipment when you take damage.
 K - a +4 ring of protection
 L - the ring of the Amoeba {rElec rF+ rC+ MR+ Int-2}
   (You took it off a vault sentinel on level 5 of the Vaults)

   [ring of protection from magic]

   It affects your intelligence (-2).
   It protects you from fire.
   It protects you from cold.
   It insulates you from electricity.
   It affects your resistance to hostile enchantments.
 N - an uncursed ring of protection from cold
 T - an uncursed amulet of guardian spirit
 Y - an uncursed ring of poison resistance
 Z - the ring of Greed (right hand) {rF+ rC+ MR+ Dex+4 Stlth+}
   (You took it off a deep elf priest on level 5 of the Vaults)

   [ring of protection from cold]

   It affects your dexterity (+4).
   It protects you from fire.
   It protects you from cold.
   It affects your resistance to hostile enchantments.
   It makes you more stealthy.
Wands
 u - a wand of magic darts (32)
 R - a wand of disintegration (3)
 W - a wand of teleportation (4)
 X - a wand of hasting (3)
Scrolls
 b - a scroll of silence
 f - 11 scrolls of fear
 o - 16 scrolls of teleportation
 v - 21 scrolls of identify
 y - 9 scrolls of fog
 C - 22 scrolls of remove curse
 E - 10 scrolls of enchant weapon
 P - 9 scrolls of recharging
 U - 9 scrolls of magic mapping
 V - 3 scrolls of blinking
Potions
 d - 4 potions of haste
 g - 4 potions of invisibility
 m - 12 potions of brilliance
 q - a potion of cure mutation
 r - 5 potions of might
 s - 4 potions of resistance
 t - 9 potions of agility
 x - 4 potions of magic
 z - 5 potions of flight
 A - 6 potions of cancellation
 B - 2 potions of ambrosia
Comestibles
 c - 42 bread rations
 h - 30 meat rations
 k - 23 fruits
 O - 11 slices of pizza


   Skills:
 + Level 24.9 Fighting
 + Level 22.7(23.0) Axes
   Level 7.4(16.8) Maces & Flails
 O Level 27 Armour
 + Level 20.6 Dodging
 - Level 5.4 Stealth
 + Level 24.2 Shields


You had 25 spell levels left.
You didn't know any spells.

Dungeon Overview and Level Annotations

Branches:
Dungeon (15/15)            Temple (0/1) D:4            Lair (8/8) D:9
 Shoals (4/4) Lair:5        Snake (4/4) Lair:4        Slime (0/6) Lair:8
    Orc (4/4) D:12            Elf (3/3) Orc:3        Vaults (5/5) D:14
  Crypt (0/3) Vaults:3     Depths (5/5) D:15            Zot (5/5) Depths:5

Altars:
Ashenzari
Cheibriados
Dithmenos
Elyvilon
Fedhas
Gozag
Nemelex Xobeh
Okawaru
Zin
The Shining One
Beogh
Jiyva
Lugonu

Shops:
D:4 *   Orc:4 %[?%   Elf:1 [   Elf:2 :   Shoals:1 :   Shoals:3 %   Snake:2 :
Vaults:3 (   Depths:1 [

Portals:
Hell: Depths:1 Depths:2 Depths:3 Depths:4 Depths:5
Abyss: Depths:1 Depths:2 Depths:3 Depths:4
Pandemonium: Depths:3
Ziggurat: Depths:2

Annotations:
D:5 2 runed doors


Innate Abilities, Weirdness & Mutations

You reflexively headbutt those who attack you in melee.
You have a pair of horns on your head.
Armour fits poorly on your strangely shaped body.
Your body sometimes deteriorates upon taking damage.
You are frail (-10% HP).
You occasionally shout uncontrollably at your foes.


Message History

You closely miss the red draconian scorcher.
Visions of slaying the red draconian annihilator flood into your mind.
The mottled draconian spits sticky flame at you.
You block the splash of liquid fire.
You slice the mottled draconian!!
The mottled draconian is heavily wounded.
You slash the red draconian scorcher!
The red draconian scorcher is lightly wounded.
You hit the red draconian annihilator.
The red draconian annihilator is moderately wounded.
You slice the ancient lich!!
The ancient lich is almost destroyed.
Visions of slaying the red draconian scorcher flood into your mind.
You block the red draconian scorcher's attack.
The red draconian annihilator closely misses you.
You furiously retaliate!
You headbutt the red draconian annihilator, but do no damage.
The ancient lich points at you and mumbles some strange words.
The crystal spear hits you!
You die...

#######
L..........#
........
...........#
#.........
....L......#
.........
...........#
#........
...........#
#........
.......X...#
##........
......qdL.#
#.........
......q@.#
##.......^.
........##
#..........
#########
########.##
#<......
#.###...
#.###.##
#.8....#
#####..#
#......


You could see 3 ancient liches, a mottled draconian, an Orb Guardian, a red
draconian annihilator and a red draconian scorcher.

Vanquished Creatures
  4 ancient liches
  4 orbs of fire
  Mara (Vaults:5)
  Mennas (Depths:2)
  The ghost of TugoseryaHuesosov the Cloud Mage, an adept NaTm of Cheibriados (Depths:2)
  Sojobo (Vaults:3)
  Boris (Vaults:5)
  Norris (Vaults:2)
  3 curse toes
  A caustic shrike (Depths:4)
  A profane servitor (Abyss:1)
  10 golden dragons
  3 electric golems (Zot:3)
  11 tentacled monstrosities
  Rupert (Lair:4)
  8 Orb Guardians (Zot:5)
  An Ice Fiend (IceCv)
  Asterion (Vaults:2)
  5 liches
  3 deep elf blademasters
  2 quicksilver dragons (Zot:3)
  2 deep elf master archers (Elf:3)
  3 titans
  11 death cobs
  A kraken (Shoals:4)
  2 tentacled starspawn (Abyss:1)
  An octopode crusher (Depths:4)
  3 sphinxes
  Polyphemus (Shoals:3)
  Gastronok (Lair:1)
  An acid blob (Lair:8)
  7 shadow dragons
  4 tengu reavers
  17 storm dragons
  5 draconian monks
  Roxanne (D:15)
  3 daevas (Depths:2)
  10 greater nagas
  An orc warlord (Orc:4)
  8 deep elf sorcerers
  Maud (D:11)
  5 draconian knights
  8 frost giants
  The ghost of TugoseryaHuesosov the Severer, a journeyman DsBe of Trog (Depths:2)
  5 fire giants
  2 ghost moths
  A draconian scorcher (Zot:4)
  17 vault wardens
  A curse skull (Depths:3)
  4 angels
  19 very ugly things
  A draconian shifter (Zot:5)
  A draconian zealot (Zot:4)
  26 stone giants
  9 ironheart preservers
  5 draconian annihilators
  2 war gargoyles (Vaults:5)
  3 draconian callers
  A spriggan defender (Depths:2)
  11 black draconians
  5 deep elf annihilators
  5 green draconians
  5 deep elf demonologists
  7 yellow draconians
  Azrael (D:15)
  A salamander stormcaller (Vaults:4)
  7 purple draconians
  6 red draconians
  12 white draconians
  10 mottled draconians
  4 merfolk javelineers
  Snorg (Lair:5)
  2 crystal guardians
  7 merfolk impalers
  10 deep elf death magi
  2 deep elf high priests
  18 fire dragons
  A green death (Depths:3)
  12 ettins
  11 yaktaur captains
  Josephine (D:15)
  21 vault guards
  A hydra (shapeshifter) (Depths:1)
  2 rakshasas
  Fannar (Orc:2)
  5 entropy weavers
  Harold (D:11)
  16 ice dragons
  14 naga warriors
  7 great orbs of eyes
  A monstrous demonspawn (Depths:3)
  2 spriggan air magi
  9 hydras
  8 centaur warriors
  15 anacondas
  17 ogre magi
  13 merfolk aquamancers
  2 catoblepae
  5 merfolk avatars
  14 dancing weapons
  10 deep troll earth magi
  4 satyrs
  13 deep troll shamans
  A satyr (shapeshifter) (Vaults:3)
  6 tengu warriors
  A hell hog (Abyss:1)
  9 death yaks
  4 spriggan berserkers
  2 vampire magi
  10 naga sharpshooters
  11 shock serpents
  6 soul eaters (Depths:3)
  Sonja (D:11)
  Nergalle (D:10)
  5 iron trolls
  2 wretched stars (Abyss:1)
  25 deep elf knights
  12 hell knights
  6 ice devils
  A golden dragon zombie (Depths:4)
  7 salamander mystics
  An anaconda zombie (Abyss:1)
  A gelid demonspawn (Depths:3)
  11 sea snakes
  3 giant orange brains
  6 cherubim (Depths:2)
  13 hill giants
  An unseen horror (D:12)
  12 naga ritualists
  30 deep trolls
  4 lindwurms (Snake:4)
  10 starcursed masses (Abyss:1)
  3 flayed ghosts
  5 wizards
  7 deep elf summoners
  Pikel (D:5)
  12 orc knights
  3 phantasmal warriors (Vaults:5)
  A harpy (shapeshifter) (Depths:5)
  18 ironbrand convokers
  A wolf spider zombie (D:15)
  11 griffons
  3 hornets
  3 orc sorcerers
  A cyclops (shapeshifter) (Depths:3)
  3 mana vipers (shapeshifter)
  12 deep elf conjurers
  A manticore (shapeshifter) (Depths:1)
  A moth of wrath (shapeshifter) (Vaults:5)
  10 salamanders
  8 harpies
  2 wolf spiders
  49 ugly things
  A glowing shapeshifter (Depths:4)
  6 cyclopes
  4 necromancers
  10 manticores
  A sphinx skeleton (Vaults:1)
  15 mana vipers
  32 black mambas
  An iron dragon skeleton (Abyss:1)
  7 elephants
  26 naga magi
  A black mamba (shapeshifter) (D:15)
  6 fauns (Shoals:3)
  2 rust devils (Depths:3)
  9 spiny frogs
  3 water nymphs
  3 orange demons
  25 moths of wrath
  10 sirens
  2 ice statues (IceCv)
  11 komodo dragons
  A smoke demon (Abyss:1)
  10 large abominations
  11 vault sentinels
  7 guardian serpents
  A gargoyle (D:12)
  A storm dragon simulacrum (Depths:4)
  An efreet (D:15)
  3 fire drakes
  A yaktaur (shapeshifter) (Depths:5)
  47 yaktaurs
  A demonic crawler (Abyss:1)
  25 two-headed ogres
  8 freezing wraiths
  2 human skeletons (Vaults:1)
  A jumping spider (Vaults:4)
  14 deep elf priests
  3 tengu conjurers
  2 jumping spiders (shapeshifter)
  16 merfolk
  9 blue devils (IceCv)
  A queen bee (shapeshifter) (Vaults:5)
  A troll (shapeshifter) (Vaults:3)
  17 trolls
  A wind drake (Shoals:1)
  A polar bear (Vaults:4)
  2 fire giant simulacra
  3 boulder beetles
  7 raiju (Abyss:1)
  25 blink frogs
  A harpy skeleton (D:15)
  14 slime creatures
  A trapdoor spider zombie (D:13)
  A ynoxinul (Abyss:1)
  7 snapping turtles
  A spriggan (Depths:4)
  A trapdoor spider (D:12)
  2 air elementals (Depths:5)
  17 water elementals
  9 redbacks
  2 tarantellas
  3 wyverns
  26 deep elf magi
  39 deep elf fighters
  3 fire bats (Lair:7)
  The ghost of CALLOUS the Charmwright, an amateur FeSk (D:6)
  14 hippogriffs
  2 hungry ghosts
  10 wraiths
  78 yaks
  2 basilisks
  A human (shapeshifter) (Vaults:3)
  A mottled dragon (D:14)
  A warg (Vaults:1)
  13 vampire mosquitoes
  Menkaure (D:5)
  An elf skeleton (Depths:4)
  3 fire elementals (D:15)
  A chaos spawn (Abyss:1)
  21 wolves
  A soldier ant (D:14)
  37 nagas
  A deep troll skeleton (Vaults:1)
  3 hell hounds (D:15)
  2 sky beasts
  2 eyes of draining (shapeshifter)
  10 porcupines
  10 water moccasins
  An elf simulacrum (Depths:4)
  3 black bears
  An elf zombie (Vaults:1)
  2 eyes of draining
  31 orc warriors
  4 slaves (D:5)
  2 ice beasts (D:5)
  A swamp drake (shapeshifter) (Vaults:2)
  5 phantoms
  30 centaurs
  71 ogres
  6 boggarts
  19 crocodiles
  3 wasps
  7 big kobolds
  17 giant frogs
  Blork the orc (D:5)
  3 scorpions
  9 small abominations
  6 killer bees (D:9)
  4 wights (D:15)
  The ghost of IWannaBeepSomebody the Sneak, a weakling OpAM (D:3)
  An electric eel (Lair:7)
  9 hounds
  3 crimson imps
  A giant frog zombie (D:6)
  4 centaur skeletons
  3 centaur zombies
  13 orc priests
  2 jellies (D:9)
  3 iron imps
  20 orc wizards
  3 quasits
  3 giant frog skeletons
  8 worker ants
  8 iguanas
  16 sheep
  A hound skeleton (D:11)
  2 worker ant zombies
  45 river rats
  22 adders
  5 gnolls
  6 shadow imps
  10 white imps
  5 oozes
  5 ufetubi
  A worm (D:3)
  22 giant geckos
  159 orcs
  17 giant cockroaches
  10 goblins
  4 hobgoblins
  7 jackals
  8 kobolds
  2 quokkas
  4 ball pythons (Sewer)
  5 bats
  2 giant gecko skeletons
  13 giant newts
  A quokka skeleton (D:4)
  8 rats
  6 crawling corpses
  A fire vortex (Vaults:4)
  5 fungi
  6 plants
  A starspawn tentacle (Abyss:1)
  4 tentacles (Shoals:4)
2386 creatures vanquished.

Vanquished Creatures (collateral kills)
  A Killer Klown (Zot:5)
  A golden dragon (Zot:4)
  A tentacled monstrosity (Zot:1)
  An Orb Guardian (Zot:5)
  A titan (Depths:4)
  3 storm dragons
  3 shadow dragons
  2 draconian monks
  Ilsuiw (Shoals:4)
  A frost giant (Vaults:5)
  A fire giant (Vaults:5)
  2 draconian knights
  A vault warden (Vaults:5)
  A draconian shifter (Zot:1)
  A draconian annihilator (Zot:3)
  A caustic shrike skeleton (Depths:4)
  An ironheart preserver (Vaults:5)
  3 stone giants (Vaults:5)
  A green draconian (Zot:3)
  A white draconian (Zot:4)
  A very ugly thing (Vaults:5)
  A salamander stormcaller (Vaults:5)
  A deep elf demonologist (Elf:3)
  A deep elf annihilator (Elf:3)
  2 purple draconians
  2 merfolk javelineers (Shoals:4)
  4 vault guards (Vaults:5)
  2 deep elf death magi (Elf:3)
  A deep elf high priest (Elf:3)
  2 fire dragons
  An ice dragon (Zot:1)
  A naga warrior (Snake:4)
  A centaur warrior (Depths:4)
  A small abomination (Vaults:5)
  A deep elf knight (Vaults:5)
  2 deep trolls
  A golden dragon skeleton (Depths:4)
  2 phantasmal warriors (Vaults:5)
  An ugly thing (Depths:5)
  2 sirens (Shoals:4)
  A naga mage (Snake:4)
  4 yaktaurs
  2 tengu conjurers (Depths:4)
  A freezing wraith (Vaults:5)
  A snapping turtle (Shoals:4)
  A deep elf fighter (Vaults:5)
  An orc warrior (Vaults:5)
  A centaur (Depths:4)
  An ogre (Vaults:5)
  A boggart (Depths:4)
  An orc wizard (Vaults:5)
  A crawling corpse (Vaults:5)
74 creatures vanquished.

Vanquished Creatures (others)
  An Orb Guardian (Zot:5)
  A tengu reaver (Vaults:5)
  A draconian knight (Zot:4)
  A draconian scorcher (Zot:5)
  A mottled draconian (Zot:5)
  A yellow draconian (Zot:5)
  A yaktaur captain (Vaults:4)
  A deep elf knight (Elf:3)
  An ironbrand convoker (Vaults:5)
  3 yaktaurs (Vaults:4)
  An ogre (Orc:4)
  A centaur (Vaults:1)
  A gnoll (shapeshifter) (Vaults:5)
  2 white imps (IceCv)
  4 ufetubi (IceCv)
  A crawling corpse (Vaults:5)
  2 fire vortices (Vaults:5)
  6 fungi
  5 plants
  A starspawn tentacle (Abyss:1)
  6 starspawn tentacle segments (Abyss:1)
  4 tentacles (Shoals:4)
  340 tentacle segments (Shoals:4)
386 creatures vanquished.

Grand Total: 2846 creatures vanquished

Notes
Turn   | Place    | Note
--------------------------------------------------------------
     0 | D:1      | DarthKuruptios the Minotaur Berserker began the quest for the Orb.
     0 | D:1      | Reached XP level 1. HP: 19/19 MP: 0/0
    95 | D:1      | Found an iron altar of Okawaru.
   100 | D:1      | Reached skill level 4 in Axes
   100 | D:1      | Reached XP level 2. HP: 22/27 MP: 1/1
   858 | D:2      | Reached XP level 3. HP: 33/33 MP: 2/2
   870 | D:2      | Reached ** piety under Trog
  1248 | D:2      | Reached XP level 4. HP: 41/41 MP: 3/3
  1521 | D:3      | Found an opulent altar of Gozag.
  1529 | D:3      | Reached skill level 5 in Fighting
  1567 | D:3      | Noticed IWannaBeepSomebody's ghost (weakling OpAM)
  1579 | D:3      | Killed IWannaBeepSomebody's ghost
  1579 | D:3      | Reached XP level 5. HP: 40/48 MP: 4/4
  1997 | D:3      | Found a glowing golden altar of the Shining One.
  2004 | D:3      | Reached *** piety under Trog
  2005 | D:3      | Found a shadowy altar of Dithmenos.
  2017 | D:3      | Found a white marble altar of Elyvilon.
  2430 | D:4      | Found a glowing drain.
  2434 | Sewer    | Entered a sewer
  2460 | Sewer    | Reached XP level 6. HP: 57/57 MP: 5/5
  2499 | Sewer    | Reached skill level 6 in Fighting
  2499 | Sewer    | Reached skill level 5 in Axes
  2611 | Sewer    | Reached **** piety under Trog
  2760 | Sewer    | Reached skill level 5 in Armour
  2764 | Sewer    | Reached XP level 7. HP: 38/64 MP: 6/6
  2890 | D:4      | Found Bymeosm's Bounteous Boutique.
  2935 | D:4      | Reached skill level 7 in Fighting
  3005 | D:4      | Found a staircase to the Ecumenical Temple.
  3091 | D:4      | Found a snail-covered altar of Cheibriados.
  3360 | D:5      | Entered Level 5 of the Dungeon
  3373 | D:5      | Noticed Pikel
  3378 | D:5      | Noticed Menkaure
  3388 | D:5      | Killed Menkaure
  3619 | D:5      | Reached ***** piety under Trog
  3899 | D:5      | Reached XP level 8. HP: 67/73 MP: 7/7
  3936 | D:5      | Killed Pikel
  3936 | D:5      | Reached skill level 8 in Fighting
  3936 | D:5      | Reached skill level 5 in Dodging
  4145 | D:5      | Noticed Blork the orc
  4154 | D:5      | Killed Blork the orc
  4154 | D:5      | Reached skill level 1 in Maces & Flails
  4289 | D:5      | Found a large runed door.
  4289 | D:5      | Found a large runed door.
  4294 | D:5      | Noticed a troll
  4304 | D:5      | Killed a troll
  4305 | D:5      | Found a large runed door.
  4305 | D:5      | Found a large runed door.
  4357 | D:5      | Got a jewelled war axe
  4363 | D:5      | Got a jewelled chain mail
  4365 | D:5      | Got a sapphire rapier
  4366 | D:5      | Identified the +10 war axe of Valour {holy, Str+3} (You found it on level 5 of the Dungeon)
  4377 | D:5      | Reached skill level 9 in Fighting
  4377 | D:5      | Reached XP level 9. HP: 77/83 MP: 8/8
  4413 | D:5      | Identified the +4 chain mail of Kainuc {rF- Regen+ Str+2 Dex+3} (You found it on level 5 of the Dungeon)
  4451 | D:5      | Got a vibrating lead amulet
  4452 | D:5      | Identified the amulet of Yrogoim {Inacc +Inv rElec SInv Stlth-} (You found it on level 5 of the Dungeon)
  4647 | D:4      | Bought a +0 buckler for 45 gold pieces
  4766 | D:6      | Noticed CALLOUS's ghost (amateur FeSk)
  4773 | D:6      | Killed CALLOUS's ghost
  4853 | D:6      | Found a glowing silver altar of Zin.
  4929 | D:6      | Found a sparkling altar of Nemelex Xobeh.
  5041 | D:6      | Reached skill level 1 in Shields
  5994 | D:8      | Reached skill level 10 in Fighting
  6243 | D:8      | Reached XP level 10. HP: 87/93 MP: 9/9
  6324 | D:8      | Reached skill level 10 in Armour
  6374 | D:8      | Noticed a three-headed hydra
  6380 | D:8      | Killed a three-headed hydra
  6380 | D:8      | Reached skill level 5 in Maces & Flails
  6607 | D:6      | Reached skill level 5 in Shields
  6668 | D:4      | Bought a potion of beneficial mutation for 350 gold pieces
  6668 | D:4      | Gained mutation: You have a somewhat thin skeletal structure (Dex +2, Stealth). [potion of beneficial mutation]
  6669 | D:4      | Gained mutation: You can breathe flames. [potion of beneficial mutation]
  6758 | D:9      | Found a staircase to the Lair.
  7343 | D:9      | Identified a scroll of acquirement
  7394 | Lair:1   | Entered Level 1 of the Lair of Beasts
  7504 | Lair:1   | Noticed Gastronok
  7515 | Lair:1   | Killed Gastronok
  7515 | Lair:1   | Reached skill level 11 in Fighting
  7515 | Lair:1   | Reached XP level 11. HP: 102/102 MP: 10/10
  7787 | Lair:1   | Received a gift from Trog
  8817 | Lair:2   | Reached skill level 12 in Fighting
  9294 | Lair:3   | Reached XP level 12. HP: 86/113 MP: 9/11
 10012 | Lair:4   | Noticed Rupert
 10028 | Lair:4   | Killed Rupert
 10028 | Lair:4   | Reached skill level 10 in Axes
 10214 | Lair:4   | Reached skill level 13 in Fighting
 10217 | Lair:4   | Received a gift from Trog
 10263 | Lair:4   | Reached skill level 10 in Shields
 10298 | Lair:4   | Found a staircase to the Snake Pit.
 10891 | Lair:5   | Noticed Snorg
 10900 | Lair:5   | Killed Snorg
 10908 | Lair:5   | Noticed a four-headed hydra
 10918 | Lair:5   | Killed a one-headed hydra
 10952 | Lair:5   | Identified the +2 rapier "Emutruh" {vamp, Stlth+} (You found it on level 5 of the Dungeon)
 10975 | Lair:5   | Got a steaming lead ring
 10977 | Lair:5   | Identified the ring of Liosumes {*Corrode EV+5 Str+7 Int+2 Dex+2} (You found it on level 5 of the Lair of Beasts)
 11141 | Lair:5   | Found a staircase to the Shoals.
 11182 | Lair:5   | Reached XP level 13. HP: 118/122 MP: 10/12
 11527 | Lair:6   | Received a gift from Trog
 12023 | Lair:6   | Reached skill level 14 in Fighting
 13143 | Lair:7   | Reached ****** piety under Trog
 13144 | Lair:7   | Received a gift from Trog
 13364 | Lair:8   | Entered Level 8 of the Lair of Beasts
 14019 | Lair:8   | Reached XP level 14. HP: 133/133 MP: 11/13
 14023 | Lair:8   | Reached skill level 15 in Fighting
 14203 | Lair:8   | Found a runed door.
 14203 | Lair:8   | Found a viscous altar of Jiyva.
 14203 | Lair:8   | Found a staircase to the Slime Pits.
 14203 | Lair:8   | Noticed an acid blob
 14215 | Lair:8   | Reached skill level 15 in Armour
 14239 | Lair:8   | Killed an acid blob
 14770 | D:10     | Entered Level 10 of the Dungeon
 14816 | D:10     | Received a gift from Trog
 14845 | D:10     | Noticed Nergalle
 14855 | D:10     | Killed Nergalle
 15562 | D:11     | Noticed Sonja
 15640 | D:11     | Noticed Harold
 15650 | D:11     | Killed Harold
 15861 | D:11     | Killed Sonja
 15937 | D:11     | Received a gift from Trog
 16008 | D:11     | Noticed Maud
 16022 | D:11     | Killed Maud
 16261 | D:12     | Found a staircase to the Orcish Mines.
 16476 | D:12     | Found a glowing golden altar of the Shining One.
 16871 | Orc:1    | Entered Level 1 of the Orcish Mines
 16924 | Orc:1    | Found a roughly hewn altar of Beogh.
 17112 | Orc:1    | Received a gift from Trog
 17346 | Orc:2    | Noticed Fannar
 17360 | Orc:2    | Killed Fannar
 17845 | Orc:3    | Found a staircase to the Elven Halls.
 18000 | Orc:4    | Entered Level 4 of the Orcish Mines
 18079 | Orc:4    | Reached skill level 16 in Fighting
 18086 | Orc:4    | Reached XP level 15. HP: 122/144 MP: 12/14
 18117 | Orc:4    | Received a gift from Trog
 18129 | Orc:4    | Found Lyname's Armour Shoppe.
 18131 | Orc:4    | Found Ottij's Food Shop.
 18187 | Orc:4    | Found Hitralumo's Food Emporium.
 18188 | Orc:4    | Found Xunwoff's Magic Scroll Shoppe.
 18199 | Orc:4    | Bought a scroll of teleportation for 39 gold pieces
 18199 | Orc:4    | Bought a scroll of teleportation for 39 gold pieces
 18465 | Orc:4    | Noticed an orc warlord
 18478 | Orc:4    | Killed an orc warlord
 19184 | Shoals:1 | Entered Level 1 of the Shoals
 19243 | Shoals:1 | Found Meystru's Book Emporium.
 19385 | Shoals:1 | Reached skill level 10 in Dodging
 19608 | Shoals:2 | Received a gift from Trog
 20093 | Shoals:2 | Reached skill level 17 in Fighting
 20333 | Shoals:3 | Found Jovvots's Food Shoppe.
 20533 | Shoals:3 | Reached skill level 15 in Shields
 20617 | Shoals:3 | Reached XP level 16. HP: 155/155 MP: 15/15
 20682 | Shoals:3 | Noticed Polyphemus
 20715 | Shoals:3 | HP: 7/155 [catoblepas[Polyphemus] (2)]
 21061 | Shoals:3 | Received a gift from Trog
 21079 | Shoals:3 | Killed Polyphemus
 21179 | Shoals:4 | Entered Level 4 of the Shoals
 21293 | Shoals:4 | Noticed Ilsuiw
 21305 | Shoals:4 | Killed Ilsuiw
 21710 | Shoals:4 | Received a gift from Trog
 22382 | Shoals:4 | Got a barnacled rune of Zot
 22624 | Snake:1  | Entered Level 1 of the Snake Pit
 22792 | Snake:1  | Reached skill level 18 in Fighting
 22807 | Snake:1  | You fall through a shaft!
 23002 | Snake:2  | Received a gift from Trog
 23014 | Snake:2  | Found Jelaak's Book Emporium.
 23073 | Snake:2  | Found a frozen archway.
 23093 | IceCv    | Entered an ice cave
 23395 | IceCv    | Noticed an Ice Fiend
 23403 | IceCv    | Killed an Ice Fiend
 23403 | IceCv    | Reached XP level 17. HP: 63/165 MP: 5/16
 25121 | Snake:3  | Reached skill level 1 in Stealth
 25240 | Snake:3  | Received a gift from Trog
 25902 | Snake:4  | Entered Level 4 of the Snake Pit
 26524 | Snake:4  | Reached skill level 19 in Armour
 26779 | Snake:4  | Received a gift from Trog
 26828 | Snake:4  | Reached XP level 18. HP: 107/174 MP: 13/17
 27285 | Snake:4  | Received a gift from Trog
 27390 | Snake:4  | Reached skill level 15 in Axes
 27556 | Snake:4  | Got a serpentine rune of Zot
 28126 | Elf:1    | Entered Level 1 of the Elven Halls
 28253 | Elf:1    | Received a gift from Trog
 28518 | Elf:1    | Found Ijeer's Armour Emporium.
 29129 | Elf:2    | Found Ositwini's Book Shoppe.
 29166 | Elf:2    | Reached skill level 20 in Armour
 29272 | Elf:2    | Received a gift from Trog
 29391 | Elf:2    | Noticed a Brimstone Fiend
 29721 | Elf:2    | Found a huge runed gate.
 29721 | Elf:2    | Found a huge runed gate.
 29721 | Elf:2    | Found a huge runed gate.
 29721 | Elf:2    | Found a huge runed gate.
 29722 | Elf:2    | Found a huge runed gate.
 29947 | Elf:2    | Reached skill level 5 in Stealth
 30189 | Elf:3    | Entered Level 3 of the Elven Halls
 30219 | Elf:3    | Reached XP level 19. HP: 183/183 MP: 18/18
 30315 | Elf:3    | Received a gift from Trog
 30684 | Elf:3    | Cast into the Abyss (a deep elf demonologist)
 30686 | Abyss:1  | Found a corrupted altar of Lugonu.
 31097 | Abyss:1  | Lost mutation: You can breathe flames. [potion of cure mutation]
 31097 | Abyss:1  | Lost mutation: You have a somewhat thin skeletal structure (Dex +2, Stealth). [potion of cure mutation]
 31216 | Elf:3    | Escaped the Abyss
 31721 | Elf:3    | Got a transparent shield
 31732 | Elf:3    | Identified the +2 shield of Conscience {-Cast rC- Str+3 SInv} (You took it off a deep elf high priest on level 3 of the Elven Halls)
 31831 | Elf:3    | Got a jewelled spear {flame}
 31832 | Elf:3    | Identified the cursed +1 spear "Uqiuti" {flame, Int+4 Dex+6} (You took it off a deep elf demonologist on level 3 of the Elven Halls)
 32114 | Elf:3    | Reached skill level 21 in Armour
 32458 | Elf:2    | Received a gift from Trog
 33521 | D:14     | Found an opulent altar of Gozag.
 33694 | D:14     | Received a gift from Trog
 33790 | D:14     | Found a gate to the Vaults.
 33979 | D:15     | Entered Level 15 of the Dungeon
 34242 | D:15     | Found a shattered altar of Ashenzari.
 34266 | D:15     | Noticed Josephine
 34276 | D:15     | Killed Josephine
 34276 | D:15     | Reached XP level 20. HP: 193/193 MP: 19/19
 34278 | D:15     | Noticed Azrael
 34299 | D:15     | Killed Azrael
 34466 | D:15     | Received a gift from Trog
 34504 | D:15     | Found a staircase to the Depths.
 34528 | D:15     | Noticed Roxanne
 34553 | D:15     | Killed Roxanne
 35050 | Vaults:1 | Entered Level 1 of the Vaults
 35582 | Vaults:1 | Received a gift from Trog
 36097 | Vaults:2 | Noticed Asterion
 36112 | Vaults:2 | Killed Asterion
 36197 | Vaults:2 | Got a distressingly furry chain mail
 36198 | Vaults:2 | Identified the +8 chain mail of an ossuary {Dex+4} (You found it on level 2 of the Vaults)
 36656 | Vaults:2 | Reached skill level 22 in Armour
 36981 | Vaults:2 | Received a gift from Trog
 37062 | Vaults:2 | Noticed Norris
 37641 | Vaults:2 | Received a gift from Trog
 37712 | Vaults:2 | Found a blossoming altar of Fedhas.
 37712 | Vaults:2 | Paralysed by something for 7 turns
 37733 | Vaults:2 | Killed Norris
 37733 | Vaults:2 | Reached skill level 15 in Dodging
 38297 | Vaults:3 | Received a gift from Trog
 38477 | Vaults:3 | Reached XP level 21. HP: 202/202 MP: 20/20
 38814 | Vaults:3 | Found a staircase to the Crypt.
 39091 | Vaults:3 | Found Zocetso's Weapon Shoppe.
 39249 | Vaults:3 | Received a gift from Trog
 39413 | Vaults:3 | Noticed Sojobo
 39433 | Vaults:3 | Killed Sojobo
 39570 | Vaults:4 | Reached skill level 23 in Armour
 39652 | Vaults:4 | Got a shimmering scale mail
 39662 | Vaults:4 | Identified the +5 scale mail of Dishonour {+Fly rN+ MR+} (You found it on level 4 of the Vaults)
 40205 | Vaults:4 | Paralysed by a sphinx for 5 turns
 40216 | Vaults:4 | Received a gift from Trog
 40394 | Vaults:4 | Got a warped garnet amulet
 40396 | Vaults:4 | Identified the amulet "Wiuk" {rPois Regen+} (You found it on level 4 of the Vaults)
 40471 | Vaults:4 | Found a gateway to a bazaar.
 40484 | Bazaar   | Entered a bazaar
 40484 | Bazaar   | Found Eraety's Antique Weapon Emporium.
 40575 | Bazaar   | Found Akikaivi's Food Shop.
 40600 | Bazaar   | Found Lelon's Assorted Antiques.
 40609 | Bazaar   | Found Qazxusme's Magic Scroll Shop.
 40618 | Bazaar   | Found Tiwofe's Antique Weapon Shop.
 41033 | Depths:1 | Entered Level 1 of the Depths
 41353 | Depths:1 | Found Izoskuawu's Armour Shop.
 41368 | Depths:1 | Bought the +5 plate armour "Maug" {rC+ Int+5 Slay+3} for 1531 gold pieces
 41434 | Depths:1 | Found a corrupted altar of Lugonu.
 41435 | Depths:1 | Found a one-way gate to the infinite horrors of the Abyss.
 41447 | Depths:1 | Received a gift from Trog
 41497 | Depths:1 | Found a gateway to Hell.
 41741 | Depths:2 | Noticed TugoseryaHuesosov's ghost (journeyman DsBe)
 41754 | Depths:2 | Killed TugoseryaHuesosov's ghost
 42016 | Depths:2 | Reached XP level 22. HP: 213/213 MP: 21/21
 42265 | Depths:2 | Noticed TugoseryaHuesosov's ghost (adept NaTm)
 42275 | Depths:2 | Killed TugoseryaHuesosov's ghost
 42298 | Depths:2 | Found a gateway to a ziggurat.
 42363 | Depths:2 | Received a gift from Trog
 42573 | Depths:2 | Cast into the Abyss (the power of Zot)
 43013 | Depths:2 | Escaped the Abyss
 43272 | Depths:2 | Reached skill level 24 in Armour
 43581 | Depths:2 | Found a glowing silver altar of Zin.
 43581 | Depths:2 | Noticed Mennas
 43634 | Depths:2 | Killed Mennas
 43890 | Depths:3 | Received a gift from Trog
 44048 | Depths:3 | Paralysed by a great orb of eyes for 7 turns
 44260 | Depths:3 | Found a one-way gate leading to the halls of Pandemonium.
 44960 | Depths:3 | Got a transparent scale mail
 45311 | Depths:3 | Reached XP level 23. HP: 222/222 MP: 22/22
 45366 | Depths:4 | Received a gift from Trog
 45727 | Depths:4 | Reached skill level 25 in Armour
 46139 | Depths:5 | Entered Level 5 of the Depths
 46330 | Depths:5 | Received a gift from Trog
 46512 | Depths:5 | Found a gate to the Realm of Zot.
 47429 | Vaults:5 | Entered Level 5 of the Vaults
 47443 | Vaults:5 | Received a gift from Trog
 47482 | Vaults:5 | Noticed an ancient lich
 47501 | Vaults:5 | Noticed Mara
 47717 | Vaults:5 | Reached XP level 24. HP: 206/233 MP: 22/22
 47848 | Vaults:5 | Killed an ancient lich
 47859 | Vaults:5 | Noticed Boris
 47868 | Vaults:5 | Killed Boris
 47878 | Vaults:5 | Reached skill level 26 in Armour
 47888 | Vaults:5 | Got an ancient steel ring
 47966 | Vaults:5 | Received a gift from Trog
 48021 | Vaults:5 | Identified the ring "Nouschir" {rElec rPois Str-5 Stlth+} (You took it off an orc warrior on level 5 of the Vaults)
 48039 | Vaults:5 | Got a flickering tin ring
 48073 | Vaults:5 | Received a gift from Trog
 48110 | Vaults:5 | Got a vibrating bone ring
 48415 | Vaults:5 | Killed Mara
 48595 | Vaults:5 | Identified the ring of the Amoeba {rElec rF+ rC+ MR+ Int-2} (You took it off a vault sentinel on level 5 of the Vaults)
 48597 | Vaults:5 | Identified the ring of Greed {rF+ rC+ MR+ Dex+4 Stlth+} (You took it off a deep elf priest on level 5 of the Vaults)
 48625 | Vaults:5 | Received a gift from Trog
 48784 | Vaults:5 | Got a silver rune of Zot
 48807 | Vaults:5 | Got a bound bronze ring
 48902 | Vaults:5 | Received a gift from Trog
 49278 | Vaults:5 | Got a vibrating amber ring
 49727 | Zot:1    | Entered Level 1 of the Realm of Zot
 49817 | Zot:1    | Noticed an orb of fire
 49829 | Zot:1    | Noticed an orb of fire
 49829 | Zot:1    | Killed an orb of fire
 49836 | Zot:1    | Gained mutation: Your body sometimes deteriorates upon taking damage. [an orb of fire]
 49842 | Zot:1    | Killed an orb of fire
 49854 | Zot:1    | Reached XP level 25. HP: 92/243 MP: 17/22
 50380 | Zot:1    | Reached skill level 27 in Armour
 50632 | Zot:1    | Identified the ring "Plog" {SustAt +Inv rF- rC+ Int+2} (You found it on level 5 of the Vaults)
 50635 | Zot:1    | Identified the ring of Spring {rF+ rC+ Int+5 Slay+3} (You took it off a deep elf sorcerer on level 5 of the Vaults)
 51171 | Zot:2    | Received a gift from Trog
 52871 | Zot:3    | Received a gift from Trog
 53495 | Zot:3    | Reached XP level 26. HP: 241/254 MP: 22/22
 54450 | Zot:4    | Received a gift from Trog
 54807 | Zot:5    | Entered Level 5 of the Realm of Zot
 55482 | Zot:5    | Noticed an ancient lich
 55490 | Zot:5    | Killed an ancient lich
 55491 | Zot:5    | Noticed an ancient lich
 55500 | Zot:5    | Noticed an orb of fire
 55509 | Zot:5    | Gained mutation: Armour fits poorly on your strangely shaped body. [an orb of fire]
 55513 | Zot:5    | Gained mutation: You occasionally shout uncontrollably at your foes. [an orb of fire]
 55519 | Zot:5    | Killed an ancient lich
 55520 | Zot:5    | Gained mutation: You are frail (-10% HP). [an orb of fire]
 55528 | Zot:5    | Killed an orb of fire
 55549 | Zot:5    | Noticed an orb of fire
 55550 | Zot:5    | Noticed an ancient lich
 55555 | Zot:5    | Killed an ancient lich
 55568 | Zot:5    | Killed an orb of fire
 55581 | Zot:5    | Noticed an ancient lich
 55592 | Zot:5    | Noticed an ancient lich
 55594 | Zot:5    | Killed from afar by an ancient lich

Action                   |  1- 3 |  4- 6 |  7- 9 | 10-12 | 13-15 | 16-18 | 19-21 | 22-24 | 25-27 || total
-------------------------+-------+-------+-------+-------+-------+-------+-------+-------+-------++-------
Melee: Hand axe          |    64 |   218 |   102 |     5 |    25 |       |       |       |       ||   414
       War axe           |       |       |    94 |   364 |   956 |  1277 |  1712 |   645 |       ||  5048
       Whip              |       |       |       |     6 |       |       |       |       |       ||     6
       Broad axe         |       |       |       |       |       |       |       |   664 |   681 ||  1345
Invok: Berserk           |     1 |       |     2 |     1 |     1 |     2 |     2 |     2 |     1 ||    12
       Burn Spellbooks   |       |     2 |       |     3 |     1 |     2 |     8 |     5 |     5 ||    26
       Trog's Hand       |       |     2 |     4 |     2 |     7 |    17 |    16 |    16 |     8 ||    72
       Brothers in Arms  |       |       |       |       |       |     4 |     2 |     4 |     4 ||    14
 Abil: Breathe Fire      |       |       |       |     5 |     9 |    11 |     2 |       |       ||    27
Evoke: Wand              |       |       |       |       |     3 |       |     1 |       |     1 ||     5
  Use: Scroll            |     3 |     6 |     8 |    14 |     9 |     5 |    11 |     6 |     9 ||    71
       Potion            |       |       |       |     2 |     4 |     7 |     4 |     6 |    17 ||    40
 Stab: Distracted        |       |       |       |       |       |       |     1 |    19 |    20 ||    40
       Paralysed         |       |       |       |       |       |       |       |     3 |       ||     3
       Confused          |       |       |       |       |       |       |       |       |     1 ||     1
  Eat: Chunk             |     2 |     4 |     9 |    19 |    31 |    24 |    36 |    32 |    34 ||   191
       Beef jerky        |       |     1 |       |     1 |       |     4 |     2 |     6 |       ||    14
       Meat ration       |       |       |     1 |       |       |       |       |       |       ||     1
       Fruit             |       |       |       |     3 |       |     7 |     6 |    11 |       ||    27
       Royal jelly       |       |       |       |       |     2 |     2 |     1 |       |       ||     5
